AoeStats
← jcdmf0312

Arena

510089418Analyzed
4v4 RM · 2d ago on Sep 29, 2026· 56m 35s· 8 players
Game mode
Random Map
Map size
Large (8 player)
Population
200
Speed
Normal
Resources
Standard
Victory
Conquest
Starting age
Dark Age
Ending age
Imperial Age
RankedLock teamsTeams togetherTeam positionsShared explorationLock speedFull tech treeHidden civsTurbo modeCheats
Victory
Defeat
🇧🇷 Magyars · Brazil
854
+14
🇨🇱 Franks · Chile
834
+15
🇦🇷 Persians · Argentina
725
+19
🇮🇹 Huns · Italy
707
+21
🇵🇷 Persians · Puerto Rico
843
-19
🇨🇳 Persians · China
806
-17
🇦🇺 Saxons · Australia
791
-17
🇨🇳 Franks · China
789
-16
yamir0000
4:53 Loom
11:37 Feudal Age
12:35 Double-Bit Axe
16:04 Wheelbarrow
18:53 Castle Age
17:19 Horse Collar
17:38 Stone Mining
19:31 Forging
19:26 Scale Barding Armor
21:10 Bow Saw
21:12 Gold Mining
22:39 Heavy Plow
27:29 Kamandaran
29:37 Iron Casting
29:23 Chain Barding Armor
28:54 Fletching
29:06 Padded Archer Armor
28:46 Crossbowman
30:19 Thumb Ring
33:56 Ballistics
34:32 Husbandry
34:42 Bloodlines
35:24 Bodkin Arrow
35:44 Leather Archer Armor
39:24 Imperial Age
37:18 Hand Cart
38:52 Gold Shaft Mining
38:52 Stone Shaft Mining
39:43 Elite War Elephant
40:45 Conscription
43:31 Chemistry
43:21 Plate Barding Armor
43:50 Blast Furnace
45:25 Two-Man Saw
46:05 Light Cavalry
46:55 Sappers
48:00 Hoardings
48:09 Crop Rotation
47:51 Masonry
47:37 Murder Holes
47:56 Heated Shot
story
7:06 Loom
10:24 Feudal Age
14:57 Castle Age
13:30 Double-Bit Axe
17:55 Bow Saw
28:22 Imperial Age
26:28 Wheelbarrow
26:30 Gold Mining
26:30 Stone Mining
27:37 Hand Cart
27:07 Town Watch
28:31 Town Patrol
29:33 Gold Shaft Mining
33:07 Onager
34:12 Conscription
33:47 Cavalier
34:27 Husbandry
36:56 Scale Barding Armor
37:01 Forging
38:09 Chain Barding Armor
39:03 Iron Casting
38:53 Paladin
40:18 Plate Barding Armor
40:41 Paladin
42:31 Light Cavalry
Cow
11:12 Feudal Age
11:42 Double-Bit Axe
14:58 Wheelbarrow
18:23 Castle Age
16:25 Gold Mining
16:59 Scale Mail Armor
20:30 Arson
20:51 Horse Collar
23:15 Bow Saw
26:37 Chain Mail Armor
伐伐伐伐木工
10:14 Feudal Age
11:06 Double-Bit Axe
17:37 Castle Age
15:51 Gold Mining
19:14 Wheelbarrow
21:23 Hand Cart
21:51 Bow Saw
28:42 Imperial Age
26:07 Horse Collar
27:02 Stone Mining
28:10 Heavy Plow
31:26 Man-at-Arms
31:51 Gambesons
35:18 Two-Man Saw
39:52 Gold Shaft Mining
39:52 Stone Shaft Mining
39:39 Pikeman
40:20 Squires
41:17 Elite War Elephant
44:38 Town Watch
45:59 Forging
45:49 Scale Mail Armor
45:55 Scale Barding Armor
45:17 Halberdier
50:12 Citadels
55:41 Iron Casting
55:21 Chain Mail Armor
55:28 Chain Barding Armor
Velox_M_B
0:32 Loom
12:28 Feudal Age
12:55 Double-Bit Axe
12:53 Horse Collar
13:06 Gold Mining
16:27 Wheelbarrow
19:31 Castle Age
18:18 Stone Mining
19:20 Fletching
20:26 Heavy Plow
20:39 Bow Saw
22:55 Husbandry
23:41 Ballistics
24:23 Gold Shaft Mining
25:46 Thumb Ring
29:19 Marauders
32:37 Imperial Age
30:18 Town Watch
32:55 Forging
33:07 Hand Cart
34:14 Conscription
34:29 Elite Tarkan
36:07 Iron Casting
38:43 Blast Furnace
39:55 Elite Skirmisher
41:21 Scale Barding Armor
42:32 Chain Barding Armor
45:18 Squires
45:04 Arson
44:40 Pikeman
47:48 Halberdier
48:35 Scale Mail Armor
50:27 Plate Barding Armor
49:50 Bodkin Arrow
49:56 Padded Archer Armor
50:12 Chain Mail Armor
52:29 Chemistry
51:25 Murder Holes
52:08 Bracer
53:15 Man-at-Arms
53:22 Crossbowman
54:23 Leather Archer Armor
55:24 Two-Man Saw
54:45 Masonry
55:46 Long Swordsman
56:39 Clinker Construction
57:12 Parthian Tactics
57:03 Caravan
MaxiiSopaipilla
9:39 Feudal Age
12:48 Wheelbarrow
17:14 Castle Age
19:54 Double-Bit Axe
22:51 Bow Saw
23:10 Town Watch
24:35 Town Patrol
25:48 Scale Barding Armor
25:55 Forging
27:31 Husbandry
28:29 Hand Cart
29:07 Loom
30:09 Chain Barding Armor
30:05 Gold Mining
33:02 Iron Casting
35:02 Imperial Age
32:57 Arson
33:14 Squires
33:24 Scale Mail Armor
35:50 Chain Mail Armor
35:07 Elite Throwing Axeman
36:44 Chivalry
36:33 Cavalier
37:53 Paladin
40:07 Plate Barding Armor
40:32 Blast Furnace
40:03 Plate Mail Armor
42:14 Conscription
41:25 Pikeman
44:13 Chemistry
43:34 Ballistics
46:17 Halberdier
47:09 Light Cavalry
51:39 Masonry
51:26 Murder Holes
53:57 Hoardings
jcdmf0312
0:28 Loom
10:15 Feudal Age
11:10 Double-Bit Axe
19:53 Castle Age
18:55 Stone Mining
18:55 Gold Mining
19:21 Forging
19:22 Scale Barding Armor
19:19 Scale Mail Armor
19:10 Fletching
19:20 Padded Archer Armor
21:02 Bow Saw
22:36 Wheelbarrow
21:46 Town Watch
21:39 Pikeman
26:37 Stone Shaft Mining
26:59 Murder Holes
27:27 Horse Collar
33:09 Imperial Age
32:15 Bloodlines
32:05 Husbandry
33:49 Chain Barding Armor
34:05 Iron Casting
36:09 Conscription
39:50 Plate Barding Armor
40:16 Blast Furnace
39:55 Heavy Plow
40:59 Two-Man Saw
40:42 Heavy Camel Rider
41:02 Capped Ram
42:49 Chemistry
42:10 Ballistics
44:22 Elite Skirmisher
45:09 Thumb Ring
45:37 Hand Cart
45:23 Town Patrol
48:18 Padded Archer Armor
48:14 Bodkin Arrow
49:29 Cavalier
50:39 Savar
52:37 Halberdier
53:18 Squires
53:03 Gambesons
pedroneto1101
9:35 Feudal Age
10:21 Double-Bit Axe
10:18 Horse Collar
14:33 Loom
16:14 Wheelbarrow
15:46 Stone Mining
18:19 Castle Age
16:46 Gold Mining
18:10 Scale Barding Armor
21:22 Chain Barding Armor
22:34 Corvinian Army
27:44 Heavy Plow
29:46 Hand Cart
29:18 Town Watch
36:13 Imperial Age
34:22 Caravan
34:56 Town Patrol
35:38 Gold Shaft Mining
36:26 Masonry
36:38 Ballistics
37:59 Conscription
38:39 Scale Mail Armor
39:15 Plate Barding Armor
39:58 Chemistry
38:54 Murder Holes
38:23 Pikeman
39:48 Bow Saw
39:04 Halberdier
42:20 Two-Man Saw
42:25 Elite Magyar Huszar
43:26 Conscription
43:08 Recurve Bow
43:21 Man-at-Arms
43:47 Arson
44:14 Cavalier
44:55 Husbandry
45:05 Bloodlines
44:16 Light Cavalry
47:24 Hussar
49:32 Chain Mail Armor
49:08 Fletching
49:02 Treadmill Crane
49:47 Padded Archer Armor
52:29 Long Swordsman
56:22 Hoardings
55:16 Two-Handed Swordsman
56:00 Spies/Treason
Connection lost

Rejoining the realm…

Still unreachable

The connection could not be restored.

Session expired

The server has moved on; the page needs a fresh start.